AoeStats
← patrickwork0001

Black Forest

506842776Analyzed
4v4 RM · 18d ago on Sep 15, 2026· 52m 44s· 8 players
Game mode
Random Map
Map size
Large (8 player)
Population
200
Speed
Normal
Resources
Standard
Victory
Conquest
Starting age
Dark Age
Ending age
Imperial Age
RankedLock teamsTeams togetherTeam positionsShared explorationLock speedFull tech treeHidden civsTurbo modeCheats
Victory
Defeat
🇭🇰 Vietnamese · Hong Kong SAR China
1041
+11
🇭🇰 Franks · Hong Kong SAR China
1029
+11
🇭🇰 Bohemians · Hong Kong SAR China
976
+13
🇨🇿 Khmer · Czechia
877
+18
🇦🇺 Bulgarians · Australia
938
-14
🇯🇵 Mongols · Japan
931
-14
🇮🇳 Poles · India
908
-13
🇹🇼 Persians · Taiwan
888
-12
Socom
1:01 Loom
14:50 Feudal Age
20:45 Castle Age
18:41 Double-Bit Axe
21:28 Wheelbarrow
30:34 Bow Saw
32:05 Horse Collar
35:52 Imperial Age
33:10 Town Watch
33:42 Hand Cart
33:47 Scale Mail Armor
33:54 Scale Barding Armor
34:02 Forging
34:36 Husbandry
35:24 Bloodlines
34:35 Light Cavalry
36:13 Chain Barding Armor
36:28 Iron Casting
36:11 Chain Mail Armor
35:59 Squires
37:05 Conscription
37:27 Plate Barding Armor
36:46 Cavalier
37:24 Onager
38:20 Pikeman
39:34 Plate Mail Armor
40:05 Blast Furnace
40:53 Halberdier
41:39 Fletching
missahmiccy
2:08 Loom
14:13 Feudal Age
15:03 Double-Bit Axe
15:00 Horse Collar
16:42 Wheelbarrow
18:32 Gold Mining
18:33 Stone Mining
24:09 Castle Age
22:54 Fletching
23:05 Padded Archer Armor
25:38 Heavy Plow
25:50 Bow Saw
25:51 Caravan
28:29 Hand Cart
34:18 Masonry
35:48 Town Watch
38:46 Imperial Age
37:24 Bodkin Arrow
37:45 Leather Archer Armor
37:35 Scale Barding Armor
37:40 Forging
37:15 Light Cavalry
37:55 Husbandry
38:17 Bloodlines
38:50 Hussar
40:02 Conscription
39:03 Elite Mangudai
40:42 Ballistics
41:23 Chemistry
40:53 Parthian Tactics
39:58 Heavy Camel Rider
43:00 Gold Shaft Mining
43:03 Stone Shaft Mining
45:16 Chain Barding Armor
45:31 Iron Casting
44:57 Bracer
45:04 Thumb Ring
48:15 Blast Furnace
47:18 Scale Mail Armor
48:08 Murder Holes
48:19 Siege Engineers
48:25 Fortified Wall
48:38 Nomads
50:30 Elite Skirmisher
watchout0723
1:45 Loom
13:58 Feudal Age
14:26 Double-Bit Axe
16:50 Horse Collar
22:23 Castle Age
20:23 Man-at-Arms
26:26 Bow Saw
28:39 Heavy Plow
30:29 Fletching
33:46 Murder Holes
38:17 Imperial Age
36:28 Wheelbarrow
36:41 Town Watch
37:29 Squires
37:32 Husbandry
36:58 Pikeman
38:23 Bloodlines
38:47 Bodkin Arrow
StudbooSenpai
0:35 Loom
12:55 Feudal Age
14:06 Horse Collar
14:20 Gold Mining
14:21 Stone Mining
15:09 Wheelbarrow
14:19 Town Watch
20:14 Castle Age
21:38 Hand Cart
27:49 Forging
27:49 Heavy Plow
29:04 Iron Casting
28:34 Scale Barding Armor
29:13 Treadmill Crane
31:19 Stone Shaft Mining
31:43 Chain Barding Armor
32:15 Scale Mail Armor
32:46 Szlachta Privileges
33:11 Chain Mail Armor
36:26 Imperial Age
34:39 Squires
34:24 Arson
34:56 Bloodlines
34:46 Husbandry
35:42 Town Patrol
35:36 Double-Bit Axe
37:47 Crop Rotation
36:58 Cavalier
38:42 Conscription
39:47 Blast Furnace
40:05 Elite Obuch
41:16 Plate Mail Armor
建興法師
0:28 Loom
12:24 Feudal Age
17:21 Castle Age
16:10 Double-Bit Axe
16:07 Horse Collar
18:24 Bow Saw
18:16 Heavy Plow
20:35 Gold Mining
32:37 Imperial Age
31:27 Wheelbarrow
30:14 Crossbowman
30:46 Fletching
32:41 Bodkin Arrow
33:09 Hand Cart
33:12 Thumb Ring
33:29 Ballistics
33:12 Padded Archer Armor
34:52 Two-Man Saw
34:24 Crop Rotation
35:39 Bracer
35:56 Leather Archer Armor
36:43 Chemistry
36:14 Stone Mining
36:03 Arbalester
40:32 Elite Skirmisher
41:43 Ring Archer Armor
41:48 Paper Money
42:43 Imperial Skirmisher
43:31 Caravan
48:21 Scale Mail Armor
48:32 Forging
慈母守中線 游子身上E
1:17 Loom
16:08 Feudal Age
22:50 Castle Age
20:45 Double-Bit Axe
27:01 Bow Saw
33:34 Chemistry
36:28 Fletching
37:03 Pikeman
38:16 Forging
38:07 Scale Mail Armor
38:27 Squires
41:03 Imperial Age
39:12 Wheelbarrow
41:03 Hand Cart
43:05 Two-Man Saw
43:09 Halberdier
45:16 Conscription
45:02 Wagenburg Tactics
45:03 Horse Collar
47:04 Caravan
46:58 Houfnice
49:56 Masonry
50:28 Iron Casting
50:09 Chain Mail Armor
53:30 Plate Mail Armor
54:01 Blast Furnace
DESTINNI
5:28 Loom
8:32 Feudal Age
9:01 Double-Bit Axe
8:57 Horse Collar
16:49 Castle Age
15:44 Gold Mining
18:24 Bow Saw
18:43 Heavy Plow
20:44 Town Watch
23:23 Wheelbarrow
23:47 Gold Mining
28:04 Imperial Age
26:26 Hand Cart
26:52 Stone Mining
27:38 Gold Shaft Mining
30:17 Crop Rotation
30:24 Stone Shaft Mining
30:04 Bloodlines
29:55 Husbandry
31:48 Conscription
32:02 Double Crossbow
32:32 Elite Battle Elephant
34:11 Scale Barding Armor
35:07 Caravan
35:12 Tusk Swords
35:34 Chain Barding Armor
35:41 Town Patrol
39:12 Masonry
40:21 Siege Engineers
42:55 Chemistry
42:16 Ballistics
41:47 Fletching
42:08 Forging
42:34 Plate Barding Armor
44:23 Masonry
44:19 Murder Holes
46:16 Architecture
46:54 Iron Casting
49:20 Heavy Scorpion
51:29 Blast Furnace
50:27 Bodkin Arrow
50:33 Padded Archer Armor
50:33 Scale Mail Armor
patrickwork0001
1:57 Loom
13:21 Feudal Age
17:26 Castle Age
15:54 Double-Bit Axe
18:41 Bow Saw
24:45 Wheelbarrow
26:44 Gold Mining
26:55 Stone Mining
32:02 Imperial Age
30:51 Hand Cart
32:57 Gold Shaft Mining
33:07 Scale Barding Armor
33:13 Forging
33:29 Conscription
33:02 Cavalier
33:43 Husbandry
35:11 Caravan
34:57 Paladin
36:38 Chain Barding Armor
36:28 Light Cavalry
38:07 Plate Barding Armor
38:13 Iron Casting
38:27 Fletching
46:55 Siege Engineers
47:51 Chemistry
Connection lost

Rejoining the realm…

Still unreachable

The connection could not be restored.

Session expired

The server has moved on; the page needs a fresh start.